 Dungeon Crawl Stone Soup version 0.30-b1-2-g02819fbbbe (webtiles) character file.

Game seed: 17296269983093145534

4 Alarkh the Sneak (level 1, 0/18 HPs)
             Began as a Demonspawn Delver on May 22, 2023.
             Slain by an orc
             ... wielding a +0 flail
              (5 damage)
             ... on level 3 of the Dungeon.
             The game lasted 00:00:24 (197 turns).

Alarkh the Sneak (Demonspawn Delver)                 Turns: 197, Time: 00:00:25

Health: 0/18       AC:  4    Str: 12    XL:     1   Next: 58%
Magic:  1/1        EV: 11    Int: 11    God:
Gold:   0          SH:  0    Dex: 14    Spells: 0/0 levels left

rFire   . .          .
                       - Unarmed
rCold   . . .        (no shield)
rNeg    . . .        a - +0 leather armour
rPois   .            h - +0 helmet
rElec   .            (no cloak)
rCorr   .            (no gloves)
SInv    .            (no boots)
Will    .....        (no amulet)
Stlth   ++           (no ring)
HPRegen 0.23/turn    (no ring)
MPRegen 0.07/turn

%: no passive effects
@: hasted, very quick
A: no striking features
a: no special abilities


You were on level 3 of the Dungeon.
You visited 1 branch of the dungeon, and saw 3 of its levels.

Inventory:

Armour
 a - a +0 leather armour (worn)
 h - a +0 helmet (worn)
Wands
 f - a wand of digging (3)
Scrolls
 b - a scroll of fog
 c - a scroll of magic mapping
 d - a scroll of fear
 g - a scroll of enchant armour {unknown}


   Skills:
 - Level 3.0 Fighting
 - Level 1.7 Dodging
 - Level 4.5 Stealth
 + Level 2.2 Unarmed Combat


You couldn't memorise any spells.
You didn't know any spells.
Your spell library was empty.

Dungeon Overview and Level Annotations

Branches:
Dungeon (5/15)
 Temple: D:4-7

Altars:


Message History

You hit the giant cockroach but do no damage.
The giant cockroach is severely wounded.
The giant cockroach bites you but does no damage.
You closely miss the giant cockroach.
The giant cockroach is severely wounded.
The giant cockroach bites you but does no damage.
You closely miss the giant cockroach.
The giant cockroach is severely wounded.
The giant cockroach bites you but does no damage.
You closely miss the giant cockroach.
The giant cockroach is severely wounded.
The giant cockroach bites you.
You hit the giant cockroach but do no damage.
The giant cockroach is severely wounded.
The giant cockroach bites you but does no damage.
You hit the giant cockroach.
You kill the giant cockroach!
No target in view!
No target in view!
An orc comes into view. It is wielding a +0 flail.
The orc shouts!
You hear an angry hiss.
A giant cockroach and a dart slug come into view.
You hit the orc.
The orc is heavily wounded.
The orc hits you with a +0 flail!
You closely miss the orc.
The orc is heavily wounded.
The orc hits you with a +0 flail.
* * * LOW HITPOINT WARNING * * *
You are too injured to fight recklessly!
You feel yourself speed up. The orc barely misses you.
You hit the orc but do no damage.
The orc is heavily wounded.
You barely miss the orc.
The orc is heavily wounded.
The orc closely misses you.
You hit the orc but do no damage.
The orc is heavily wounded.
The orc hits you with a +0 flail.
You die...

###### #....#
########.>..####
g..............#
########....##.#
#....##@#
#....##o#
#######B# #.#
#.# #w# ...
..... ..###.#


You could see a dart slug, an orc and a giant cockroach.

Vanquished Creatures
  A dart slug (D:5)
  A giant cockroach (D:3)
  A ball python (D:4)
3 creatures vanquished.

Vanquished Creatures (others)
  A hobgoblin (D:3)
1 creature vanquished.

Grand Total: 4 creatures vanquished

Notes
Turn   | Place    | Note
-------+----------+-------------------------------------------
     0 | D:5      | Alarkh the Demonspawn Delver began the quest for the Orb.
     0 | D:5      | Reached XP level 1. HP: 18/18 MP: 1/1
   197 | D:3      | Slain by an orc

Illustrated notes

Levels and vault maps discovered:
D:3:      layout_basic, grunt_temple_overflow_holy_war,
          overflow_temple_1_default, minmay_quantized
D:4:      layout_rooms, mainiacjoe_overflow_catwalk, gammafunk_ghost_smash,
          serial_shops, nicolae_shop_getting_attention
D:5:      layout_layer_cave, grunt_ministairs_2, minmay_misc_feat_x

Skill      XL: |  1 |
---------------+----+-----
Unarmed Combat | 2 |  2.2
Fighting       | |  3.0
Dodging        | |  1.7
Stealth        | |  4.5

Action                     || total
---------------------------++-------
  Melee: Unarmed           ||    31
    Use: Potion            ||     1
 Armour: Leather armour    ||     5
  Dodge: Dodged            ||     8
